 Dungeon Crawl Stone Soup version 0.26-a0-490-gf8362a0c98 (webtiles) character file.

Game seed: 4140436918371800402

30 ANON1729 the Sneak (level 3, 0/34 HPs)
             Began as a Deep Dwarf Delver on Aug 4, 2020.
             Slain by a centaur (7 damage)
             ... on level 6 of the Dungeon.
             The game lasted 00:02:59 (588 turns).

ANON1729 the Sneak (Deep Dwarf Delver)               Turns: 588, Time: 00:03:00

Health: 0/34       AC:  8    Str: 16    XL:     3   Next: 3%
Magic:  3/3        EV: 12    Int: 10    God:
Gold:   26         SH:  0    Dex: 14    Spells: 2/2 levels left

rFire    + . .     SeeInvis .   a - +0 hand axe
rCold    . . .     Faith    .   (no shield)
rNeg     . . .     Spirit   .   c - +2 ring mail {rF+}
rPois    .         Reflect  .   (no helmet)
rElec    .         Harm     .   (no cloak)
rCorr    .                      (no gloves)
MR       .....                  j - +0 pair of boots (curse)
Stlth    +++.......             (no amulet)
HPRegen  0.00/turn              (no ring)
MPRegen  0.08/turn              (no ring)

@: non-regenerating
A: damage resistance, heal wounds, sense surroundings 1, no regeneration
a: Heal Wounds


You were on level 6 of the Dungeon.
You visited 1 branch of the dungeon, and saw 2 of its levels.

You collected 26 gold pieces.

Inventory:

Hand Weapons
 a - a +0 hand axe (weapon)
Armour
 b - a +0 leather armour
 c - a +2 ring mail of fire resistance (worn)
 j - a cursed +0 pair of boots (worn)
Wands
 f - a wand of polymorph (3)
 g - a wand of digging (3)
Scrolls
 d - a scroll of magic mapping
 e - a scroll of fear
 h - a scroll of remove curse {unknown}
 i - a scroll of random uselessness {unknown}
 k - 2 scrolls of identify {unknown}
 l - a scroll of blinking {unknown}


   Skills:
 * Level 3.0 Fighting
 * Level 2.7 Axes
 * Level 0.0 Armour
 + Level 2.7 Dodging
 + Level 6.3 Stealth
 + Level 0.0 Evocations


You had 2 spell levels left.
You didn't know any spells.
Your spell library was empty.

Dungeon Overview and Level Annotations

Branches:
Dungeon (6/15)
 Temple: D:4-7

Altars:

Annotations:
D:5 exclusions: hound and worker ant


Innate Abilities, Weirdness & Mutations

You are resistant to damage.
You can heal yourself by infusing magical energy.
You passively map a small area around you.
You do not regenerate.


Message History

You see here 2 arrows.
You start waiting.
A centaur is nearby!
The centaur unwields a +0 shortbow.
The centaur barely misses you.
You barely miss the centaur.
The centaur hits you but does no damage. x2
You hit the centaur.
The centaur is lightly wounded.
The centaur hits you but does no damage.
The centaur hits you.
* * * LOW HITPOINT WARNING * * *
You slash the centaur!
The centaur is heavily wounded.
The centaur hits you.
* * * LOW HITPOINT WARNING * * *
The centaur hits you but does no damage.
You hit the centaur but do no damage.
The centaur is heavily wounded.
The centaur barely misses you. The centaur hits you!
You die...

,,, , , ,
*##.. ..## ,
* *#..# , , *
#..# , ,*
######..## *,
, *
#........#*
,* ,
#........##
#......@c.#
######.##.##,
, #.##(.# *
,* #.###(#* *
#.# #..#,*
#.# ##.# *
#.# *.c **
#.# *#.. #.#
...##


You could see a centaur.

Vanquished Creatures
  Ijyb (D:5)
  An ooze (D:6)
2 creatures vanquished.

Notes
Turn   | Place    | Note
-------+----------+-------------------------------------------
     0 | D:5      | ANON1729 the Deep Dwarf Delver began the quest for the Orb.
     0 | D:5      | Reached XP level 1. HP: 20/20 MP: 1/1
    21 | D:5      | Noticed a worker ant
    31 | D:5      | Noticed a hound
    57 | D:5      | Noticed Ijyb
   123 | D:5      | Killed Ijyb
   123 | D:5      | Reached XP level 2. HP: 28/28 MP: 2/2
   485 | D:5      | Noticed a centaur
   485 | D:5      | Noticed a sky beast
   501 | D:5      | Noticed a scorpion
   508 | D:6      | Noticed a bullfrog
   516 | D:6      | Reached XP level 3. HP: 17/34 MP: 3/3
   518 | D:6      | Noticed a centaur
   588 | D:6      | Slain by a centaur

Illustrated notes

Levels and vault maps discovered:
D:5:      layout_loops_ring, uniq_ijyb, uniq_pikel
D:6:      layout_basic, cheibrodos_sewer_entry_bend

Skill      XL: |  1 |
---------------+----+-----
Fighting       | 3 |  3.0
Axes           | |  2.7
Dodging        | |  2.7
Stealth        | |  6.3

Action                   || total
-------------------------++-------
Melee: Hand axe          ||    30
  Use: Potion            ||     1
       Scroll            ||     1
Armor: Skin              ||     8
       Leather armour    ||     1
       Ring mail         ||     5
Dodge: Dodged            ||     6

Table legend: (Time is in decaauts)
 A = Elapsed time spent in this place.
 B = Non-inter-level travel time spent in this place.
 C = Inter-level travel time spent in this place.
 D = Time resting spent in this place.
 E = Time spent auto-exploring this place.
 F = Levels seen in this place.
 G = Mean time per level.
                   A        B        C        D        E       F      G
               +--------+--------+--------+--------+--------+-----+--------+
         Total |    574 |    574 |      0 |    303 |    108 |   2 |  287.0 |
       Dungeon |    574 |    574 |      0 |    303 |    108 |   2 |  287.0 |
               +--------+--------+--------+--------+--------+-----+--------+

Top non-repeatable levels by time:
     D:5: 487 daAuts
     D:6: 86 daAuts
